AoeStats
← Heredero

Golden Pit

507880209Analyzed
1v1 RM · 11d ago on Sep 20, 2026· 43m 6s· 2 players
Game mode
Random Map
Map size
Tiny (2 player)
Population
200
Speed
Normal
Resources
Standard
Victory
Conquest
Starting age
Dark Age
Ending age
Imperial Age
RankedLock teamsTeams togetherTeam positionsShared explorationLock speedFull tech treeHidden civsTurbo modeCheats
Victory
Defeat
🇦🇷 Berbers · Argentina
1341
+15
🇨🇴 Spanish · Colombia
1321
-15
Dieghoatc
10:06 Feudal Age
9:23 Loom
16:33 Castle Age
16:48 Double-Bit Axe
18:32 Horse Collar
24:56 Bloodlines
27:25 Husbandry
27:35 Scale Barding Armor
29:44 Wheelbarrow
29:41 Bow Saw
34:04 Fletching
34:14 Padded Archer Armor
35:12 Gold Mining
38:37 Imperial Age
36:27 Bodkin Arrow
36:48 Elite Skirmisher
37:35 Thumb Ring
38:18 Heavy Plow
39:18 Ballistics
40:52 Masonry
41:06 Bracer
41:22 Leather Archer Armor
Heredero
9:20 Feudal Age
7:36 Loom
12:09 Horse Collar
19:03 Castle Age
17:09 Double-Bit Axe
20:09 Fletching
24:14 Bodkin Arrow
25:30 Bloodlines
25:31 Town Watch
27:14 Padded Archer Armor
27:43 Husbandry
29:30 Leather Archer Armor
30:23 Ballistics
38:20 Imperial Age
37:52 Kasbah
39:28 Conscription
39:16 Bracer
40:30 Chemistry
41:50 Wheelbarrow
Connection lost

Rejoining the realm…

Still unreachable

The connection could not be restored.

Session expired

The server has moved on; the page needs a fresh start.